 Dungeon Crawl Stone Soup version 0.23-a0-690-g0a1fc62 (webtiles) character file.

299 galech the Covered (level 6, -2/48 HPs)
             Began as a Demonspawn Fighter on Jan 11, 2019.
             Slain by an ogre
             ... wielding a +0 giant club
              (25 damage)
             ... on level 5 of the Dungeon.
             The game lasted 00:04:33 (4205 turns).

galech the Covered (Demonspawn Fighter)             Turns: 4205, Time: 00:04:34

Health: -2/48      AC:  7    Str: 17    XL:     6   Next: 13%
Magic:  15/15      EV:  7    Int:  9    God:
Gold:   85         SH:  9    Dex: 14    Spells: 5/5 levels left

rFire    . . .     SeeInvis .   a - +0 war axe
rCold    . . .     Gourm    .   c - +0 shield
rNeg     . . .     Faith    .   b - +0 scale mail
rPois    +         Spirit   .   (no helmet)
rElec    .         Reflect  .   (no cloak)
rCorr    .         Harm     .   (no gloves)
MR       .....                  (no boots)
Stlth    ..........             (no amulet)
HPRegen  0.16/turn              l - ring of magical power
MPRegen  0.14/turn              u - ring of poison resistance

@: no status effects
A: talons 1, demonic guardian 1, powered by death 1
a: no special abilities


You were on level 5 of the Dungeon.
You were near starving.

You visited 1 branch of the dungeon, and saw 7 of its levels.

You collected 124 gold pieces.
You spent 39 gold pieces at shops.

Inventory:

Hand Weapons
 a - a +0 war axe (weapon)
Armour
 b - a +0 scale mail (worn)
 c - a +0 shield (worn)
Jewellery
 l - a ring of magical power (left hand)
 u - a ring of poison resistance (right hand)
Wands
 k - a wand of flame (18)
Scrolls
 e - 2 scrolls of fear {unknown}
 g - 4 scrolls of identify {unknown}
 j - a scroll of immolation {unknown}
 n - a scroll of amnesia {unknown}
 o - a scroll of random uselessness {unknown}
 p - 3 scrolls of teleportation {unknown}
 q - a scroll of magic mapping {unknown}
 r - a scroll of remove curse {unknown}
Potions
 d - a potion of might
 h - a potion of curing
 i - a potion of resistance {unknown}
 m - a potion of brilliance {unknown}
 s - a potion of lignification {unknown}
Comestibles
 f - 6 rations


   Skills:
 + Level 3.7 Fighting
 + Level 3.8 Axes
 + Level 4.0 Armour
 + Level 0.6 Dodging
 + Level 0.5 Stealth
 + Level 3.4 Shields


You had 5 spell levels left.
You didn't know any spells.
Your spell library was empty.

Dungeon Overview and Level Annotations

Branches:
Dungeon (7/15)
 Temple: D:4-7

Altars:
Fedhas
Hepliaklqana
Nemelex Xobeh
Uskayaw
Yredelemnul
Zin

Shops:
D:4 !


Innate Abilities, Weirdness & Mutations

You have sharp toenails.
A weak demonic guardian rushes to your aid.
You regenerate a little health from kills.


Message History

You block the quokka's attack.
You hit the ogre.
The ogre is almost dead.
You barely miss the quokka. You block the quokka's attack.
The ogre hits you with a +0 giant club. You block the quokka's attack.
You are too injured to fight recklessly!
You are too injured to fight recklessly!
You are too injured to fight recklessly!
You are too injured to fight recklessly!
You are too injured to fight recklessly!
You are too injured to fight recklessly!
Unknown command.
You are too injured to fight recklessly!
You barely miss the ogre.
The ogre is almost dead.
You slash the quokka!
You kill the quokka!
The ogre hits you with a +0 giant club!!
Ouch! That really hurt!
You die...

...#...............##
#..#...##..##...$...##..
####...#................
#.......................
......................##
........................
##.......##...........#
#.......##..........#
##.............@....#
##......#.....#..O......
#.......#....###........
###..#.###..## .........
#.#### #.## .........
### #..# .......... .<.#
......#... ...
...........


You could see an ogre.

Vanquished Creatures
  2 scorpions
  A bullfrog skeleton (D:5)
  8 adders
  A gnoll (D:1)
  4 worms
  A dart slug (D:2)
  4 leopard geckos
  8 orcs
  2 giant cockroaches
  7 goblins
  9 hobgoblins
  3 quokkas
  2 ball pythons
  3 bats
  3 frilled lizards
  2 gnoll zombies (D:3)
  10 kobolds
  A quokka zombie (D:5)
  5 rats
76 creatures vanquished.

Notes
Turn   | Place    | Note
-------+----------+-------------------------------------------
     0 | D:1      | galech the Demonspawn Fighter began the quest for the Orb.
     0 | D:1      | Reached XP level 1. HP: 18/18 MP: 1/1
   399 | D:1      | Gained mutation: You have sharp toenails. [demonic
                  | ancestry]
   399 | D:1      | Reached XP level 2. HP: 21/24 MP: 2/2
   441 | D:1      | Reached skill level 3 in Armour
   725 | D:1      | Gained mutation: You regenerate a little health from kills.
                  | [demonic ancestry]
   725 | D:1      | Reached XP level 3. HP: 27/29 MP: 3/3
  1554 | D:2      | Reached XP level 4. HP: 35/35 MP: 4/4
  1901 | D:2      | Found a blossoming altar of Fedhas.
  1921 | D:2      | Found a sparkling altar of Nemelex Xobeh.
  2513 | D:3      | Reached XP level 5. HP: 41/41 MP: 5/5
  2581 | D:3      | Found a hide-covered altar of Uskayaw.
  2783 | D:3      | Found a basalt altar of Yredelemnul.
  3289 | D:4      | Found a glowing silver altar of Zin.
  3507 | D:4      | Found Esaa's Distillery.
  3516 | D:4      | Bought a potion of curing for 39 gold pieces
  3868 | D:4      | Found a hazy altar of Hepliaklqana.
  3991 | D:5      | Entered Level 5 of the Dungeon
  3992 | D:5      | You fall through a shaft for 2 floors!
  4009 | D:6      | Gained mutation: A weak demonic guardian rushes to your
                  | aid. [demonic ancestry]
  4009 | D:6      | Reached XP level 6. HP: 17/48 MP: 6/6
  4173 | D:5      | Reached skill level 4 in Armour
  4205 | D:5      | Slain by an ogre

Vault maps used:
D:1:      dpeg_arrival_brainrot, serial_bayou_pond_e
D:2:      lemuel_crystal_altar, lemuel_crystal_altar,
          ebering_dispersal_statue_hall, kennysheep_minor_cross
D:3:      lemuel_zombie_altar_yredelemnul, lemuel_doored_altar,
          lemuel_old_faithful
D:4:      old_standard_altar, marbit_many_paths, serial_shops,
          nicolae_shop_trees, first_ration
D:6:      wander_guarded_unrand_ratskin, grunt_decor_fettered,
          grunt_ministairs_6
D:7:      minmay_skewed_foursquare, kiku_gazebo_pond_becter,
          overflow_temple_1_default, nicolae_ru_great_annihilating_truth,
          minmay_temple_entry_wispy, grunt_ogre_cave

Skill      XL: |  1  2  3  4  5  6 |
---------------+-------------------+-----
Armour         | 3 4 |  4.0
Axes           | 2 3 |  3.8
Shields        | 3 |  3.4
Fighting       | |  3.7
Dodging        | |  0.6
Stealth        | |  0.5

Action                   |  1- 3 |  4- 6 || total
-------------------------+-------+-------++-------
Melee: War axe           |    80 |   125 ||   205
       Kick              |    10 |    41 ||    51
  Use: Potion            |       |     1 ||     1
  Eat: Chunk             |     2 |     7 ||     9
Armor: Scale mail        |    32 |    45 ||    77
Dodge: Dodged            |    22 |    36 ||    58
Block: Shield            |    33 |    57 ||    90

Table legend:
 A = Non-vault XP
 B = Vault XP
 C = Vault XP percentage of total XP
 D = Non-vault monster count
 E = Vault monster count
 F = Vault count percentage of total count
                 A         B        C        D         E       F
            +---------+---------+-------+---------+---------+-------
      Total |     354 |      74 |  17.3 |      72 |       4 |   5.3
            +---------+---------+-------+---------+---------+-------
        D:1 |      59 |       5 |   7.8 |      28 |       1 |   3.4
        D:2 |     101 |       0 |   0.0 |      18 |       0 |   0.0
        D:3 |      50 |       2 |   3.8 |      14 |       2 |  12.5
        D:4 |     102 |       0 |   0.0 |       9 |       0 |   0.0
        D:5 |      42 |       0 |   0.0 |       3 |       0 |   0.0
        D:6 |       0 |      67 | 100.0 |       0 |       1 | 100.0
            +---------+---------+-------+---------+---------+-------
